AoeStats
← K ingaete 6787

Lombardia

509628414Analyzed
2v2 RM · 4d ago on Sep 27, 2026· 49m 28s· 4 players
Game mode
Random Map
Map size
Medium (4 player)
Population
200
Speed
Normal
Resources
Standard
Victory
Conquest
Starting age
Dark Age
Ending age
Imperial Age
RankedLock teamsTeams togetherTeam positionsShared explorationLock speedFull tech treeHidden civsTurbo modeCheats
Victory
Defeat
🇩🇪 Chinese · Germany
807
+11
🇪🇸 Burgundians · Spain
803
+11
🇨🇱 Slavs · Chile
712
-11
🇨🇱 Danes · Chile
690
-11
K ingaete 6787
11:07 Feudal Age
15:49 Castle Age
18:58 Man-at-Arms
20:18 Long Swordsman
23:40 Forging
30:12 Imperial Age
29:09 Squires
31:20 Two-Handed Swordsman
32:10 Double-Bit Axe
34:34 Wheelbarrow
36:35 Bow Saw
41:39 Heavy Scorpion
44:21 Champion
44:22 Pikeman
46:36 Horse Collar
47:32 Hand Cart
nohacenadi3489
11:54 Feudal Age
16:07 Castle Age
38:57 Imperial Age
40:02 Wheelbarrow
46:23 Capped Ram
felix.bialonski
11:13 Feudal Age
11:38 Horse Collar
11:48 Double-Bit Axe
19:21 Castle Age
17:52 Padded Archer Armor
18:12 Fletching
18:46 Gold Mining
18:49 Stone Mining
20:10 Heavy Plow
24:04 Pikeman
24:44 Squires
MaikolCorners
11:10 Feudal Age
13:37 Horse Collar
13:55 Double-Bit Axe
18:40 Castle Age
18:35 Stone Mining
18:35 Gold Mining
18:41 Town Watch
18:41 Loom
19:08 Heavy Plow
22:35 Arson
24:39 Squires
27:46 Pikeman
35:37 Imperial Age
34:36 Bow Saw
36:41 Burgundian Vineyards
36:57 Conscription
37:14 Elite Coustillier
37:51 Halberdier
39:35 Gold Shaft Mining
39:36 Stone Shaft Mining
40:28 Wheelbarrow
44:36 Hand Cart
44:22 Town Patrol
46:50 Treadmill Crane
47:21 Fortified Wall
48:03 Forging
47:53 Scale Mail Armor
47:58 Scale Barding Armor
49:00 Two-Man Saw
50:16 Iron Casting
49:56 Chain Mail Armor
Connection lost

Rejoining the realm…

Still unreachable

The connection could not be restored.

Session expired

The server has moved on; the page needs a fresh start.